Map: Efflorescence LE

Players

OpuS - Winner!

  • Race: Protoss Protoss
  • League: Platinum
  • Spawn Location: 12:00

Sketchaphone - Winner!

  • Race: Zerg Zerg
  • League: Platinum
  • Spawn Location: 3:00

Sebanda

  • Race: Zerg Zerg
  • Spawn Location: 6:00

Kommandoh

  • Race: Protoss Protoss
  • Spawn Location: 9:00

VOD

Have the link to the VOD?

Description

Time

  • Played on: Feb. 25, 2019, 8:51 p.m.
  • Length: 14:26
Show
View Real Time Build Order
Export as new Build Order

OpuS Protoss - Winner!

Build Orders: Oracle Opening 

Get SALT Encoding   

  12  0:01  Probe  
  13  0:13  Probe  
  14  0:22  Pylon  
  14  0:25  Probe  
  15  0:40  Probe  
  16  0:44  Gateway  
  16  0:53  Probe  
  17  1:01  Probe, Assimilator  
  17  1:02  Assimilator  
  17  1:09  Probe  
  18  1:15  Gateway  
  19  1:19  Probe  
  20  1:31  Probe  
  21  1:36  Cybernetics Core  
  21  1:43  Probe  
  22  1:54  Pylon  
  22  1:58  Probe  
  22  2:12  Warp Gate  
  22  2:13  Stalker x2  
  26  2:20  Probe  
  26  2:28  Probe  
  28  2:37  Pylon  
  28  2:44  Stalker  
  30  2:55  Stalker  
  32  3:02  Stargate  
  32  3:10  Pylon  
  32  3:25  Nexus  
  32  3:26  Pylon  
  32  3:32  Probe  
  33  3:38  Gateway  
  33  3:46  Oracle  
  36  4:21  Stalker x2  
  40  4:27  Twilight Council  
  40  4:29  Gateway  
  36  4:48  Probe x2  
  36  4:50  Stalker x2  
  36  4:51  Stalker  
  40  4:58  Charge  
  40  5:07  Void Ray  
  44  5:28  Pylon  
  44  5:34  Pylon, Zealot x2  
  48  5:38  Zealot  
  50  5:53  Shield Battery  
  50  5:55  Shield Battery  
  50  5:56  Pylon  
  50  5:58  Probe  
  51  6:07  Zealot  
  51  6:09  Probe  
  51  6:10  Probe  
  55  6:19  Pylon  
  55  6:21  Probe  
  55  6:22  Probe  
  57  6:27  Gateway  
  57  6:34  Zealot  
  57  6:37  Zealot  
  53  6:53  Zealot x2  
  55  7:01  Probe x2  
  57  7:06  Gateway  
  57  7:09  Gateway  
  57  7:13  Probe x2  
  57  7:32  Zealot x5  
  59  8:02  Probe x2  
  61  8:06  Dark Shrine  
  61  8:23  Probe x2  
  63  8:35  Probe  
  63  8:40  Phoenix  
  66  8:43  Probe  
  66  8:45  Pylon  
  66  8:47  Probe  
  68  9:04  Probe x2  
  68  9:06  Zealot x3, Assimilator  
  68  9:07  Zealot x2  
  80  9:11  Assimilator  
  80  9:33  Probe  
  80  9:34  Probe  
  82  9:40  Templar Archives  
  82  9:41  Gateway  
  78  9:45  Gateway  
  78  9:46  Probe  
  79  10:01  Dark Templar  
  79  10:02  Dark Templar x4  
  79  10:03  Dark Templar x2  
  91  10:34  Pylon  
  91  10:43  Nexus  
  91  10:45  Pylon  
  91  10:47  Pylon  
  91  11:00  Zealot x4  
  91  11:01  Zealot x3  
  103  11:35  Probe x2  
  103  11:38  High Templar x3  
  103  11:39  High Templar x2  
  115  11:40  High Templar  
  115  11:45  Robotics Facility  
  117  11:47  Probe  
  117  11:52  Forge  
  118  11:56  Forge  
  118  11:58  High Templar  
  118  12:00  Probe x3  
  123  12:01  Archon x2  
  123  12:02  Archon x4  
  123  12:05  Dark Templar  
  125  12:09  Archon  
  125  12:12  Probe  
  125  12:14  Protoss Ground Weapons Level 1  
  126  12:16  Probe x2  
  128  12:24  Probe  
  128  12:28  Probe x2  
  131  12:30  Zealot  
  131  12:31  Zealot x5  
  131  12:34  High Templar x2  
  131  12:36  Probe  
  148  12:40  Archon, Probe  
  149  12:45  Photon Cannon  
  149  12:49  Pylon  
  149  12:51  Pylon  
  149  12:54  Assimilator  
  149  12:55  Assimilator  
  149  13:07  Probe x3  
  140  13:19  Probe  
  137  13:23  Zealot x5  
  137  13:24  Zealot x3  
  137  13:25  Zealot  
  155  13:30  Gateway  
  155  13:32  Gateway  
  155  13:37  Gateway x2  
  155  13:42  Pylon  
  155  13:44  Pylon  
  155  13:46  Pylon  
  147  14:23  High Templar x3  
Show
View Real Time Build Order
Export as new Build Order

Sketchaphone Zerg - Winner!

Build Orders: Hatch First, Swarm Host 

Get SALT Encoding   

  12  0:01  Drone  
  13  0:12  Overlord  
  13  0:18  Drone  
  14  0:24  Drone, Extractor  
  15  0:32  Drone  
  15  0:34  Drone  
  17  0:55  Hatchery  
  16  0:58  Drone  
  16  1:01  Drone  
  18  1:04  Extractor  
  17  1:21  Spawning Pool  
  17  1:24  Drone x2  
  18  1:30  Drone  
  19  1:38  Overlord  
  19  1:49  Drone  
  20  2:02  Drone  
  21  2:09  Queen  
  21  2:10  Metabolic Boost  
  21  2:14  Zergling x4  
  25  2:22  Queen  
  25  2:26  Zergling x4  
  29  2:31  Overlord  
  29  2:35  Zergling x2  
  30  2:45  Zergling x4  
  32  2:52  Zergling x2  
  32  2:55  Evolution Chamber, Zergling x2  
  33  3:02  Zergling x2  
  34  3:08  Overlord  
  34  3:21  Zerg Melee Weapons Level 1  
  34  3:22  Zergling x8  
  38  3:28  Drone x2  
  40  3:39  Drone x3  
  40  3:40  Drone  
  44  3:46  Drone x2  
  46  3:55  Overlord  
  46  3:57  Drone  
  46  3:59  Drone  
  42  4:22  Zergling x10  
  47  4:31  Zergling x6  
  48  4:41  Drone  
  48  4:43  Drone  
  48  4:47  Lair  
  48  4:49  Extractor  
  48  4:50  Drone  
  47  5:00  Hatchery  
  47  5:03  Zergling x4  
  48  5:11  Drone x4  
  42  5:34  Zerg Ground Armor Level 1  
  42  5:37  Drone x6  
  47  5:43  Evolution Chamber, Zergling x12  
  52  5:51  Overlord  
  53  5:57  Drone, Extractor  
  53  5:58  Extractor  
  51  6:04  Zergling x4  
  51  6:07  Spine Crawler  
  51  6:09  Spine Crawler  
  51  6:18  Zergling x4  
  52  6:19  Infestation Pit, Zergling x6  
  54  6:28  Zergling x12  
  60  6:37  Zergling x4  
  60  6:39  Zergling x2  
  63  6:40  Queen  
  63  6:42  Hatchery  
  63  6:43  Zergling x2  
  59  6:55  Drone x2  
  59  7:04  Drone x5  
  59  7:07  Zerg Melee Weapons Level 2  
  64  7:09  Pneumatized Carapace  
  61  7:16  Queen, Drone  
  64  7:23  Zergling x8  
  67  7:34  Burrow  
  67  7:37  Drone x5  
  72  7:53  Queen  
  74  8:01  Overlord  
  74  8:02  Overlord  
  74  8:05  Drone  
  80  8:20  Zergling x10  
  80  8:24  Zergling x14  
  80  8:25  Zergling x2  
  91  8:39  Zergling x10  
  91  9:09  Zergling x12  
  95  9:10  Overlord  
  95  9:15  Overlord  
  94  9:21  Queen  
  89  9:35  Spine Crawler  
  81  9:39  Zergling x24  
  81  9:44  Spine Crawler  
  90  9:46  Zergling x6  
  90  9:48  Overseer  
  93  9:54  Zergling x6  
  93  9:57  Zergling x2  
  97  10:05  Zergling x6  
  98  10:10  Roach Warren  
  95  10:26  Zergling x16  
  103  10:33  Zergling x8  
  107  10:40  Zergling x10  
  112  10:47  Baneling Nest  
  111  10:52  Zergling x2  
  111  10:53  Overlord  
  111  10:54  Overlord x2  
  111  10:55  Queen  
  109  11:31  Zergling x28  
  95  12:07  Roach x12  
  103  12:08  Glial Reconstitution  
  103  12:09  Queen  
  103  12:11  Extractor  
  103  12:12  Extractor  
  81  12:36  Queen  
  83  12:37  Drone x8  
  83  12:43  Pathogen Glands  
  91  12:45  Centrifical Hooks  
  91  13:00  Swarm Host x3  
  91  13:01  Swarm Host x3  
  91  13:03  Baneling  
  91  13:04  Baneling x22  
  109  13:07  Drone  
  110  13:30  Drone x14  
  124  13:39  Overseer  
  124  13:44  Drone x2  
  124  14:00  Zergling x6  
  124  14:01  Overlord  
Show
View Real Time Build Order
Export as new Build Order

Sebanda Zerg 

Build Orders: Hatch First 

Get SALT Encoding   

  12  0:04  Drone  
  13  0:14  Overlord  
  13  0:19  Drone  
  14  0:39  Drone x3  
  17  1:04  Drone  
  18  1:07  Extractor  
  18  1:10  Hatchery  
  16  1:15  Drone  
  17  1:20  Spawning Pool  
  16  1:37  Drone  
  16  1:39  Overlord  
  17  2:08  Metabolic Boost  
  17  2:09  Queen  
  19  2:24  Zergling x8  
  19  2:25  Queen  
  25  2:34  Drone  
  25  2:36  Drone  
  27  2:58  Roach Warren  
  26  3:01  Drone x2  
  28  3:14  Overlord  
  28  3:32  Zergling x8  
  28  3:34  Drone x2  
  33  3:35  Zergling x6  
  33  3:36  Drone x2  
  33  3:40  Roach  
  41  3:42  Extractor  
  36  4:10  Zergling x2  
  36  4:11  Zergling x10  
  33  4:22  Roach  
  35  4:26  Roach  
  37  4:31  Roach  
  37  4:32  Roach x2, Zergling x2  
  42  4:47  Zergling x2  
  42  4:58  Overlord x2  
  42  5:16  Zergling x6  
  42  5:17  Zergling x4  
  45  5:29  Queen  
  45  5:31  Drone x3  
  50  5:37  Drone x3  
  50  5:38  Overlord, Zergling x2, Drone x2  
  56  5:54  Lair  
  56  6:01  Roach  
  56  6:02  Roach x3  
  64  6:28  Overlord x2  
  64  6:46  Roach x5  
  64  6:47  Roach, Zergling x2  
  62  6:57  Glial Reconstitution  
  62  6:58  Baneling Nest  
  53  7:14  Ravager x3  
  50  7:17  Zergling x4  
  50  7:18  Zergling x4, Drone  
  55  7:34  Overlord x2  
  55  7:36  Extractor  
  54  7:38  Roach x5  
  64  7:46  Zergling x2  
  64  7:47  Zergling x2  
  66  7:52  Centrifical Hooks  
  66  7:53  Evolution Chamber  
  66  7:54  Baneling  
  66  7:55  Baneling x5  
  66  7:57  Zergling x2  
  66  8:01  Zergling x2  
  66  8:02  Zergling x8, Drone x2  
  73  8:17  Zergling x4  
  73  8:18  Zergling x2  
  76  8:26  Extractor  
  75  8:30  Zerg Ground Armor Level 1  
  75  8:34  Evolution Chamber  
  71  8:54  Roach  
  71  8:55  Roach x4, Zergling x6  
  82  9:03  Hydralisk Den  
  81  9:17  Baneling x2  
  81  9:18  Baneling x4  
  81  9:19  Zergling x6, Drone x2  
  81  9:21  Queen  
  88  9:44  Hydralisk  
  90  9:46  Overlord x2  
  90  9:52  Grooved Spines  
  90  10:13  Hydralisk x3  
  90  10:14  Hydralisk x4  
  104  10:34  Roach Warren  
  103  10:37  Spawning Pool  
  103  10:39  Hydralisk Den  
  101  11:04  Muscular Augments  
  101  11:10  Overseer x2  
  87  11:51  Zergling x2  
  87  11:52  Zergling x6  
  87  11:53  Roach x2  
  90  12:11  Hydralisk  
  92  12:26  Zerg Missile Weapons Level 1  
  92  12:37  Hatchery  
  91  12:57  Pneumatized Carapace  
  91  13:00  Drone x3  
  91  13:01  Drone x3  
  93  13:22  Zergling x2  
  94  14:05  Lurker Den  
Show
View Real Time Build Order
Export as new Build Order

Kommandoh Protoss 

Build Orders:  

Get SALT Encoding   

  12  0:16  Probe  
  13  0:26  Probe  
  14  0:34  Probe  
  15  0:56  Pylon  
  15  1:06  Assimilator  
  15  1:13  Probe  
  16  1:21  Probe  
  16  1:23  Gateway  
  16  1:25  Nexus  
  17  1:29  Probe  
  18  1:40  Probe  
  19  1:50  Pylon  
  19  1:52  Probe  
  20  2:04  Probe  
  21  2:12  Cybernetics Core, Probe  
  21  2:15  Pylon  
  21  2:19  Assimilator  
  22  2:26  Probe  
  23  2:35  Probe  
  23  2:41  Probe, Gateway  
  25  2:50  Warp Gate  
  25  2:55  Probe  
  26  3:05  Probe x2  
  28  3:13  Stalker  
  28  3:15  Probe  
  31  3:20  Probe  
  32  3:28  Stalker  
  34  3:35  Probe x2, Robotics Facility  
  34  3:37  Pylon  
  36  3:44  Probe  
  36  3:47  Stalker, Probe  
  40  3:52  Probe  
  40  3:54  Assimilator  
  40  3:59  Probe  
  40  4:01  Stalker, Probe  
  45  4:12  Immortal  
  43  4:38  Zealot  
  45  4:40  Zealot  
  43  4:46  Gateway  
  43  4:47  Gateway  
  43  4:51  Pylon  
  43  4:59  Stalker  
  39  5:06  Probe x2  
  38  5:18  Stalker  
  40  5:25  Warp Prism  
  42  5:29  Stalker  
  42  5:32  Probe x2  
  46  5:41  Zealot x2  
  50  5:45  Probe x2  
  52  5:54  Pylon  
  52  5:58  Stalker  
  52  6:49  Probe x2  
  52  6:53  Gateway  
  44  6:57  Zealot, Twilight Council  
  40  7:06  Stalker x3, Gateway  
  40  7:08  Pylon  
  46  7:10  Immortal  
  50  7:24  Stalker  
  50  7:38  Stalker  
  50  7:39  Stalker x2  
  50  7:41  Probe x2  
  56  7:48  Blink  
  50  7:53  Probe x2  
  52  8:03  Pylon  
  52  8:04  Pylon  
  52  8:05  Probe x2  
  48  8:10  Forge  
  48  8:17  Zealot x5  
  58  8:31  Assimilator  
  58  8:38  Zealot x2  
  58  8:39  Zealot x3  
  64  9:05  Zealot, Robotics Bay  
  64  9:06  Zealot x3  
  64  9:07  Zealot  
  72  9:23  Zealot  
  72  9:28  Zealot x4  
  72  9:29  Zealot  
  80  9:34  Protoss Ground Weapons Level 1  
  70  9:47  Sentry  
  70  9:52  Sentry x2  
  70  9:53  Sentry  
  70  9:55  Disruptor, Gateway x2  
  77  10:15  Dark Shrine  
  67  10:38  Robotics Facility  
  67  10:55  Observer  
  49  11:37  Zealot x2  
  49  11:38  Zealot x3  
  49  11:39  Zealot  
  41  11:48  Probe  
  41  11:51  Disruptor  
  44  12:00  Probe  
  37  12:12  Probe  
  37  12:15  Charge  
  34  12:22  Probe  
  33  12:30  Probe  
  34  12:38  Probe  
  34  12:40  Templar Archives  
  35  12:50  Probe  
  36  13:03  Probe  
  23  13:14  Disruptor  
  23  13:15  Probe  
  17  13:24  Probe  
  13  13:27  High Templar  
  13  13:28  High Templar  
  13  13:32  Probe  
  19  13:41  Archon  
  19  13:43  Probe  
Tags
 
Add a new tag
Caveats
  • Supply blocks, unpowered buildings, or Contaminate may cause inaccurate times.
  • Supply counts are checked every 10 seconds.